 Dungeon Crawl Stone Soup version 0.31-a0-960-g0fca184906 (webtiles) character file.

Game seed: 3166346406517797821

2824 Newt the Skirmisher (level 10, 0/53 HPs)
             Began as a Kobold Hunter on Oct 23, 2023.
             Was a Believer of Hepliaklqana.
             Killed by divine providence
             ... invoked by an orc priest
              (13 damage)
             ... on level 8 of the Dungeon.
             The game lasted 00:07:51 (6853 turns).

Newt the Skirmisher (Kobold Hunter)                 Turns: 6853, Time: 00:07:53

Health: 0/53       AC: 11    Str:  9    XL:     10   Next: 3%
Magic:  14/14      EV: 21    Int: 11    God:    Hepliaklqana [**....]
Gold:   847        SH:  0    Dex: 22    Spells: 11/15 levels left

rFire   . . .        a - +0 shortbow (heavy)
rCold   . . .        (shield currently unavailable)
rNeg    . . .        c - +1 leather armour
rPois   .            (no helmet)
rElec   .            (no cloak)
rCorr   .            z - +1 pair of gloves
SInv    .            q - +0 pair of boots
Will    .....        (no amulet)
Stlth   +++          o - +4 ring of protection
HPRegen 0.28/turn    s - +5 ring of evasion
MPRegen 0.14/turn

%: no passive effects
@: no status effects
A: reduced essence, small, no large weapons, nightstalker 3
a: Renounce Religion, Recall Ancestor, Ancestor Identity


You were on level 8 of the Dungeon.
You worshipped Hepliaklqana.
Hepliaklqana was pleased with you.
You visited 2 branches of the dungeon, and saw 9 of its levels.

You collected 1118 gold pieces.
You spent 271 gold pieces at shops.

Inventory:

Hand Weapons
 a - a +0 heavy shortbow (weapon)
Missiles
 n - a throwing net
Armour
 c - a +1 leather armour (worn)
 q - a +0 pair of boots (worn)
 v - a +0 pair of gloves
 z - a +1 pair of gloves (worn)
Jewellery
 k - an amulet of magic regeneration
 o - a +4 ring of protection (left hand)
 s - a +5 ring of evasion (right hand)
Wands
 f - a wand of digging (7)
 t - a wand of acid (11)
 C - a wand of flame (15)
 E - a wand of paralysis (7)
Scrolls
 b - a scroll of butterflies
 d - 2 scrolls of fear
 g - 9 scrolls of teleportation
 h - a scroll of amnesia
 l - 3 scrolls of blinking
 p - a scroll of enchant armour
 w - 2 scrolls of poison
 x - a scroll of immolation
 y - a scroll of vulnerability
Potions
 e - a potion of berserk rage
 i - a potion of attraction
 j - 2 potions of magic
 m - a potion of heal wounds
 r - a potion of mutation
 u - a potion of cancellation
 A - a potion of might {unknown}
 B - a potion of curing


   Skills:
 - Level 5.0 Fighting
 - Level 13.3 Ranged Weapons
 - Level 4.0 Dodging
 - Level 1.3 Stealth
 + Level 3.2 Spellcasting
 + Level 3.2 Hexes
 + Level 3.2 Translocations
 - Level 5.0 Evocations


You had 11 spell levels left.
You knew the following spells:

 Your Spells              Type           Power      Damage    Failure   Level
a - Dimensional Bullseye  Hex/Tloc       4%         N/A       67%         4

Your spell library contained the following spells:

 Spells                   Type           Power      Damage    Failure   Level
 Slow                     Hex            32%        N/A       10%         1
 Confusing Touch          Hex            8%         N/A       28%         3
 Sigil of Binding         Hex            8%         N/A       28%         3
 Tukima's Dance           Hex            8%         N/A       28%         3
 Vampiric Draining        Necr           1%         2d6       73%         3
 Iskenderun's Mystic Bla  Conj/Tloc      5%         2d3       88%         4


Dungeon Overview and Level Annotations

Branches:
Dungeon (8/15)             Temple (1/1) D:4
   Lair: D:8-11

Altars:
Ashenzari
Cheibriados
Dithmenos
Elyvilon
Fedhas
Gozag
Hepliaklqana
Kikubaaqudgha
Makhleb
Nemelex Xobeh
Okawaru
Qazlal
Ru
Sif Muna
Trog
Uskayaw
Vehumet
Xom
Zin
The Shining One

Shops:
D:1 ?   D:7 [

Annotations:
D:4 1 runed translucent door, Stellion's ghost, novice HuHW


Innate Abilities, Weirdness & Mutations

Your life essence is reduced to manifest your ancestor. (-10% HP)
You are small and have problems with some larger weapons.
You are completely attuned to the shadows.


Message History

The puff of flame hits you but does no damage.
The ice beast barely misses you. The orc wizard casts a spell at you.
The magic dart hits you but does no damage.
Unknown command.
Okay, then.
You swap places.
Manelesi hits the orc wizard with a +0 flail!
The orc wizard dies!
The ice beast hits Manelesi but does no damage.
Unknown command.
You shoot an arrow. Manelesi avoids your attack.
The arrow hits the ice beast!
The ice beast is moderately wounded.
Manelesi hits the ice beast with a +0 flail!
The ice beast hits Manelesi.
The ice beast freezes Manelesi.
Manelesi resists.
Manelesi blocks the orc's attack.
You shoot an arrow. Manelesi avoids your attack.
The arrow hits the ice beast but does no damage.
The ice beast is severely wounded.
Manelesi blocks the ice beast's attack.
The orc hits Manelesi with a +0 flail.
Manelesi completely misses the orc.
You shoot an arrow. Manelesi avoids your attack.
The arrow hits the ice beast!
You kill the ice beast!
The orc hits Manelesi but does no damage.
You have reached level 10!
You feel clever.
Manelesi remembers more of his old skill.
You shoot an arrow. Manelesi avoids your attack.
The arrow hits the orc.
The orc is lightly wounded.
Manelesi misses the orc.
The orc hits Manelesi but does no damage.
Manelesi blocks the orc's attack.
You shoot an arrow. Manelesi avoids your attack.
The arrow hits the orc but does no damage.
The orc is lightly wounded.
Manelesi blocks the orc's attack.
The orc priest calls down the wrath of Beogh upon you.
Beogh smites you!
You die...

####..# #..# #..# #).
. #..# #.#.#
##..#####.#.#
####...........#
.......#####...#
####.).........#####
##.#######....@Ro#
###.#.######...###oo..
...###.....#..... ....
###R#R####.#..### ###.
##.## #.. #.# #.. ####


You could see the friendly Manelesi the knight, an orc priest and 2 orcs.

Vanquished Creatures
  Grinder (D:4)
  Menkaure (D:4)
  2 water moccasins (D:7)
  2 ice beasts
  A centaur (D:5)
  An ogre (D:4)
  A phantom (D:5)
  2 bullfrogs
  A gnoll sergeant (D:8)
  2 scorpions
  10 wights (D:8)
  2 hounds
  2 orc priests
  3 jellies
  2 iguanas
  8 orc wizards
  3 gnolls (D:8)
  9 adders
  A white imp (D:5)
  3 ufetubi
  2 worms
  A dart slug (D:2)
  18 orcs
  6 endoplasms
  3 giant cockroaches
  9 goblins
  3 hobgoblins
  5 quokkas
  11 ball pythons
  4 bats
  7 frilled lizards
  8 kobolds
  8 rats
142 creatures vanquished.

Vanquished Creatures (collateral kills)
  An orc warrior (D:7)
  A kobold brigand (D:7)
  2 wights (D:8)
  A howler monkey (D:7)
  2 orc wizards
  A gnoll (D:8)
  An ufetubus (D:6)
  4 orcs
  4 kobolds (D:7)
17 creatures vanquished.

Vanquished Creatures (others)
  A knight (D:8)
1 creature vanquished.

Grand Total: 160 creatures vanquished

Notes
Turn   | Place    | Note
-------+----------+-------------------------------------------
     0 | D:1      | Newt the Kobold Hunter began the quest for the Orb.
     0 | D:1      | Reached XP level 1. HP: 12/12 MP: 1/1
   139 | D:1      | Reached XP level 2. HP: 13/18 MP: 2/2
   429 | D:1      | Found Ebaid's Magic Scroll Shoppe.
   727 | D:1      | Reached XP level 3. HP: 23/23 MP: 3/3
  1185 | D:2      | Identified a scroll of acquirement
  1185 | D:2      | Acquired 822 gold pieces
  1196 | D:1      | Bought a scroll of identify for 22 gold pieces
  1196 | D:1      | Bought a scroll of identify for 22 gold pieces
  1196 | D:1      | Bought a scroll of teleportation for 33 gold pieces
  1196 | D:1      | Bought a scroll of amnesia for 44 gold pieces
  1490 | D:2      | Reached XP level 4. HP: 30/30 MP: 4/4
  1740 | D:3      | Found a shimmering blue altar of Sif Muna.
  2073 | D:3      | Reached skill level 5 in Fighting
  2214 | D:3      | Reached XP level 5. HP: 35/35 MP: 5/5
  2298 | D:3      | Found a faded altar of an unknown god.
  2310 | D:3      | Found a broken altar of Ashenzari.
  2602 | D:4      | Reached skill level 6 in Ranged Weapons
  2608 | D:4      | Noticed Grinder
  2659 | D:4      | Killed Grinder
  2660 | D:4      | Reached skill level 8 in Ranged Weapons
  2660 | D:4      | Reached XP level 6. HP: 25/40 MP: 6/6
  2698 | D:4      | Reached XP level 7. HP: 23/44 MP: 7/7
  2791 | D:4      | Found a staircase to the Ecumenical Temple.
  2809 | Temple   | Entered the Ecumenical Temple
  2819 | Temple   | Became a worshipper of Hepliaklqana the Forgotten
  2944 | D:4      | Reached skill level 9 in Ranged Weapons
  3002 | D:4      | Noticed Menkaure
  3010 | D:4      | Killed Menkaure
  3011 | D:4      | Reached skill level 10 in Ranged Weapons
  3411 | D:4      | Found a snail-covered altar of Cheibriados.
  3475 | D:4      | Found a runed translucent door.
  3478 | D:4      | Noticed Stellion's ghost (novice HuHW)
  3741 | D:4      | Found a blossoming altar of Fedhas.
  3780 | D:4      | Reached * piety under Hepliaklqana
  3935 | D:4      | Identified the ring of Xotzot {Fly Str+3 Int+2}
  3967 | D:5      | Entered Level 5 of the Dungeon
  3984 | D:5      | Reached skill level 1 in Evocations
  4009 | D:5      | Reached XP level 8. HP: 44/44 MP: 8/8
  4401 | D:5      | Reached skill level 5 in Evocations
  4788 | D:6      | Found a white marble altar of Elyvilon.
  5067 | D:6      | Reached ** piety under Hepliaklqana
  5068 | D:6      | Remembered your ancestor Manelesi as a knight
  5098 | D:6      | Found a glowing silver altar of Zin.
  5125 | D:6      | Found a shimmering altar of Xom.
  5205 | D:6      | Identified the +11 short sword of Dissatisfaction {chaos,
                  | rElec Int+6 Dex-2}
  5369 | D:7      | Found Deiramm's Antique Armour Shoppe.
  5373 | D:7      | Bought a pair of runed gloves for 150 gold pieces
  5493 | D:7      | Reached skill level 11 in Ranged Weapons
  5719 | D:7      | Reached XP level 9. HP: 11/48 MP: 9/9
  5865 | D:7      | Reached skill level 12 in Ranged Weapons
  6098 | D:7      | Reached skill level 13 in Ranged Weapons
  6436 | D:8      | Learned a level 4 spell: Dimensional Bullseye
  6475 | D:8      | Reached skill level 1 in Spellcasting
  6475 | D:8      | Reached skill level 1 in Hexes
  6475 | D:8      | Reached skill level 1 in Translocations
  6852 | D:8      | Reached XP level 10. HP: 13/53 MP: 14/14
  6853 | D:8      | Killed from afar by an orc priest

Illustrated notes

Levels and vault maps discovered:
D:1:      dpeg_arrival_ratfight, layout_basic, serial_shops, shop,
          nicolae_eternal_life
D:2:      layout_rooms, corner_web_ring
D:3:      layout_rooms, mainiacjoe_overflow_alcove_1,
          nicolae_overflow_ecumenical_swirl
D:4:      layout_cave_pods, mainiacjoe_overflow_concentric_impassable,
          lemuel_doored_altar, minmay_temple_entry_stoned_glass,
          ebering_ghost_inner_flame, minmay_misc_feat_more_columns,
          uniq_grinder, uniq_menkaure
D:5:      layout_loops_ring
D:6:      layout_cave_pools, mainiacjoe_overflow_paths, hangedman_feature_mirror
D:7:      layout_basic, serial_shops, shop
D:8:      layout_loops_ring, uniq_jeremiah, uniq_grum
Temple:   nicolae_temple_great_sept

Skill      XL: |  1  2  3  4  5  6  7  8  9 |
---------------+----------------------------+-----
Fighting       | 3 4 5 |  5.0
Ranged Weapons | 8 10 11 13 | 13.3
Dodging        | 4 |  4.0
Evocations     | 1 5 |  5.0
Spellcasting   | 3 |  3.2
Hexes          | 3 |  3.2
Translocations | 3 |  3.2
Stealth        | |  1.3

Action                     |  1- 3 |  4- 6 |  7- 9 | 10-12 || total
---------------------------+-------+-------+-------+-------++-------
  Melee: Shortbow          |       |     1 |     4 |       ||     5
   Fire: Shortbow          |    90 |   133 |   316 |     2 ||   541
 Invoke: Ancestor Life: Kn |       |       |     1 |       ||     1
  Evoke: Wand              |       |     3 |       |       ||     3
    Use: Scroll            |     8 |     4 |     6 |       ||    18
         Potion            |       |     6 |       |       ||     6
 Armour: Leather armour    |    12 |    45 |    65 |       ||   122
         Skin              |       |    91 |       |       ||    91
  Dodge: Dodged            |    31 |    42 |   101 |       ||   174

Table legend: (Time is in decaauts)
 A = Elapsed time spent in this place.
 B = Non-inter-level travel time spent in this place.
 C = Inter-level travel time spent in this place.
 D = Time resting spent in this place.
 E = Time spent auto-exploring this place.
 F = Levels seen in this place.
 G = Mean time per level.
                   A        B        C        D        E       F      G
               +--------+--------+--------+--------+--------+-----+--------+
         Total |   6870 |   6656 |    214 |    775 |   4957 |   9 |  763.3 |
       Dungeon |   6850 |   6655 |    195 |    775 |   4957 |   8 |  856.2 |
        Temple |     20 |      1 |     19 |      0 |      0 |   1 |   20.0 |
               +--------+--------+--------+--------+--------+-----+--------+

Top non-repeatable levels by time:
     D:4: 1604 daAuts
     D:1: 1232 daAuts
     D:7: 1010 daAuts
     D:5: 795 daAuts
     D:6: 600 daAuts
     D:3: 598 daAuts
     D:2: 528 daAuts
     D:8: 480 daAuts
  Temple: 20 daAuts
